 Dungeon Crawl Stone Soup version 0.25-a0-458-g6fc7858b95 (webtiles) character file.

Game seed: 11505893371911065283, levelgen mode: deterministic

110 sking99 the Stinger (level 4, 24/24 HPs)
             Began as a Deep Elf Venom Mage on Feb 1, 2020.
             Quit the game on level 2 of the Dungeon.
             The game lasted 00:04:40 (2619 turns).

sking99 the Stinger (Deep Elf Venom Mage)           Turns: 2619, Time: 00:04:41

Health: 24/24      AC:  2    Str:  5    XL:     4   Next: 61%
Magic:  11/11      EV: 13    Int: 21    God:
Gold:   80         SH:  0    Dex: 15    Spells: 7/10 levels left

rFire    . . .     SeeInvis .   (no weapon)
rCold    . . .     Gourm    .   (no shield)
rNeg     . . .     Faith    .   a - +0 robe
rPois    .         Spirit   .   (no helmet)
rElec    .         Reflect  .   (no cloak)
rCorr    .         Harm     .   (no gloves)
MR       .....                  (no boots)
Stlth    ++........             (no amulet)
HPRegen  0.08/turn              (no ring)
MPRegen  0.12/turn              (no ring)

@: no status effects
A: no striking features
a: no special abilities


You were on level 2 of the Dungeon.
You were not hungry.

You visited 1 branch of the dungeon, and saw 2 of its levels.

You collected 80 gold pieces.

Inventory:

Armour
 a - a +0 robe (worn)
 l - a +0 buckler
Jewellery
 n - an uncursed ring of poison resistance {unknown}
Scrolls
 b - a scroll of teleportation {unknown}
 e - 3 scrolls of identify {unknown}
 f - 3 scrolls of magic mapping {unknown}
 g - a scroll of enchant armour {unknown}
 j - a scroll of blinking {unknown}
 p - a scroll of amnesia {unknown}
Potions
 d - a potion of berserk rage {unknown}
 h - a potion of lignification {unknown}
 i - a potion of curing {unknown}
 k - a potion of heal wounds {unknown}
 m - a potion of agility {unknown}
Comestibles
 c - 2 rations
 o - a chunk of flesh


   Skills:
 + Level 3.2 Dodging
 + Level 3.4 Stealth
 + Level 3.7 Spellcasting
 - Level 1.4 Transmutations
 + Level 1.0 Air Magic
 * Level 4.4 Poison Magic


You had 7 spell levels left.
You knew the following spells:

 Your Spells              Type           Power        Failure   Level  Hunger
a - Sting                 Tmut/Pois      ###.         3%          1    None
b - Poisonous Vapours     Pois/Air       ###...       6%          2    ##.....

Your spell library contained the following spells:

 Spells                   Type           Power        Failure   Level  Hunger
 Ignite Poison            Fire/Tmut/Pois ##......     17%         3    ###....
 Mephitic Cloud           Conj/Pois/Air  ##......     17%         3    ###....
 Olgreb's Toxic Radiance  Pois           ###.....     21%         4    ####...


Dungeon Overview and Level Annotations

Branches:
Dungeon (2/15)

Altars:


Message History

Confirm with . or Enter, or press ? or * to list all spells.
Aiming: Poisonous Vapours (safe; 6% risk of failure)
Press: ? - help, Dir - move target cursor, f/p - dart slug
Aim: a dart slug (heavily wounded, poisoned) Poisonous vapours surround the dart slug!
The dart slug is engulfed in poison gas.
The dart slug looks even sicker.
Casting: Poisonous Vapours (safe; 6% risk of failure)
Confirm with . or Enter, or press ? or * to list all spells.
Aiming: Sting (safe; 3% risk of failure)
Press: ? - help, Shift-Dir - straight line, f/p - dart slug
Aim: a dart slug (almost dead, very poisoned)
The sting hits the dart slug!
The dart slug looks even sicker.
You kill the dart slug!
You start resting.
Some of the chunks of flesh in your inventory have rotted away.
Magic restored.
An adder comes into view.
Found a dark potion.
Are you sure you want to abandon this character and quit the game? (Confirm with "yes".)

..######.##
### ### #. #.
#S #.. #.#
#.######..
#..?.!....
#########
#.@#
........#
#..#
#######.#
#..#
##.#######..#
#...........#
#...........#
#.###########
##.## #.(.#


You could see an adder (wandering).

Vanquished Creatures
  Natasha (D:2)
  3 adders (D:2)
  An ooze (D:1)
  A worm (D:2)
  A dart slug (D:2)
  5 leopard geckos
  A ball python (D:2)
  A bat zombie (D:1)
  A giant cockroach (D:2)
  7 hobgoblins
  4 jackals
  4 kobolds
  4 bats
  A frilled lizard (D:1)
  3 goblins (D:1)
  A jackal zombie (D:1)
  5 rats
44 creatures vanquished.

Notes
Turn   | Place    | Note
-------+----------+-------------------------------------------
     0 | D:1      | sking99 the Deep Elf Venom Mage began the quest for the
                  | Orb.
     0 | D:1      | Reached XP level 1. HP: 10/10 MP: 6/6
   218 | D:1      | Reached XP level 2. HP: 15/15 MP: 6/8
  1087 | D:1      | Learned a level 2 spell: Poisonous Vapours
  1549 | D:2      | Reached XP level 3. HP: 19/19 MP: 2/9
  1829 | D:1      | Reached skill level 4 in Poison Magic
  2302 | D:2      | Reached XP level 4. HP: 24/24 MP: 6/11
  2324 | D:2      | Noticed Natasha
  2414 | D:2      | Killed Natasha
  2414 | D:2      | Reached skill level 1 in Air Magic
  2619 | D:2      | Quit the game

Levels and vault maps discovered:
D:1:      saegor_arrival_fortress, layout_basic, minmay_pentomino_u2
D:2:      layout_loops_ring, nicolae_overflow_crystal_walls, minmay_tall_x,
          uniq_natasha

Skill      XL: |  1  2  3  4 |
---------------+-------------+-----
Stealth        | 3 |  3.4
Poison Magic   | 4 |  4.4
Dodging        | 3 |  3.2
Air Magic      | 1 |  1.0
Spellcasting   | |  3.7
Transmutations | |  1.4

Action                   |  1- 3 |  4- 6 || total
-------------------------+-------+-------++-------
Melee: Unarmed           |     6 |       ||     6
 Cast: Sting             |    58 |     4 ||    62
       Poisonous Vapours |    24 |     9 ||    33
  Eat: Chunk             |     5 |     1 ||     6
Armor: Robe              |    14 |       ||    14
Dodge: Dodged            |    45 |     4 ||    49

Table legend:
 A = Non-vault XP
 B = Vault XP
 C = Vault XP percentage of total XP
 D = Non-vault monster count
 E = Vault monster count
 F = Vault count percentage of total count
                 A         B        C        D         E       F
            +---------+---------+-------+---------+---------+-------
      Total |      98 |      60 |  38.0 |      36 |       8 |  18.2
            +---------+---------+-------+---------+---------+-------
        D:1 |      39 |       7 |  15.2 |      20 |       4 |  16.7
        D:2 |      59 |      53 |  47.3 |      16 |       4 |  20.0
            +---------+---------+-------+---------+---------+-------
